 Dungeon Crawl Stone Soup version 0.22-a0-456-g11ed031 (webtiles) character file.

143 pk666 the Magician (level 5, -1/28 HPs)
             Began as a Deep Elf Fire Elementalist on June 7, 2018.
             Slain by an orc wizard
             ... wielding a +0 dagger
              (4 damage)
             ... on level 3 of the Dungeon.
             The game lasted 00:05:49 (2104 turns).

pk666 the Magician (Deep Elf Fire Elementalist)     Turns: 2104, Time: 00:05:50

Health: -1/28      AC:  3    Str:  7 (10) XL:     5   Next: 4%
Magic:  13/13      EV: 13    Int: 18 (21) God:
Gold:   217        SH:  0    Dex: 14 (15) Spells: 4/12 levels left

rFire    . . .     SeeInvis .   (no weapon)
rCold    . . .     Gourm    .   (no shield)
rNeg     . . .     Faith    .   a - +1 robe
rPois    .         Spirit   .   (no helmet)
rElec    .         Reflect  +   (no cloak)
rCorr    .         Harm     .   (no gloves)
MR       .....                  (no boots)
Stlth    +.........             t - +4 amulet of reflection
HPRegen  0.09/turn              (no ring)
MPRegen  0.13/turn              (no ring)

@: confused, mighty
A: no striking features
a: no special abilities


You were on level 3 of the Dungeon.
You were not hungry.

You visited 1 branch of the dungeon, and saw 3 of its levels.

You collected 217 gold pieces.

Inventory:

Armour
 a - a +1 robe (worn)
Jewellery
 t - a +4 amulet of reflection (around neck)
Scrolls
 d - a scroll of blinking
 r - 3 scrolls of remove curse
Potions
 b - 2 potions of resistance
 k - a potion of haste {unknown}
 m - a potion of curing {unknown}
 n - a potion of ambrosia {unknown}
Comestibles
 c - 6 rations
 o - 4 chunks of flesh


   Skills:
 - Level 2.4 Dodging
 - Level 2.4 Stealth
 + Level 4.3 Spellcasting
 * Level 3.9 Conjurations
 + Level 4.2 Fire Magic


You had 4 spell levels left.
You knew the following spells:

 Your Spells              Type           Power        Failure   Level  Hunger
a - Flame Tongue          Conj/Fire      ###..        2%          1    None
b - Sticky Flame          Conj/Fire      ###.....     26%         4    ####...
c - Conjure Flame         Conj/Fire      ###.....     9%          3    ###....

Your spell library contained the following spells:

 Spells                   Type           Power        Failure   Level  Hunger
 Fireball                 Conj/Fire      ###.......   58%         5    ######.
 Throw Flame              Conj/Fire      ###...       4%          2    ##.....
 Inner Flame              Hex/Fire       ##......     19%         3    ###....


Dungeon Overview and Level Annotations

Branches:
Dungeon (3/15)

Altars:
Fedhas
Sif Muna
Uskayaw
The Shining One


Message History

The orc hits you with a hand axe. The orc wizard hits you with a dagger.
The orc hits you with a hand axe!
* * * LOW HITPOINT WARNING * * *
It was a potion of magic.
Magic courses through your body.
The orc wizard gestures wildly while chanting.
The orc wizard flickers and vanishes!
The orc hits you with a hand axe.
* * * LOW HITPOINT WARNING * * *
A magic dart appears from out of thin air!
The magic dart hits you!
* * * LOW HITPOINT WARNING * * *
The orc completely misses you.
It was a potion of might.
You feel very mighty all of a sudden. The orc hits you with a hand axe.
* * * LOW HITPOINT WARNING * * *
It was a potion of degeneration.
There was something very wrong with that liquid.
You feel weakened.
You feel dopey.
You feel clumsy. Something hits you.
You die...

#.# #.# #.# #.# #.#
################.##
#.................#
#.##############..#
#.# #@o# #.# #..#
#.# #).# #.# #..#
#.# #..# #.# #..#
#.# #..# #.# #..#
#.#######******#..#


You could see an orc.

Vanquished Creatures
  Jessica (D:2)
  6 adders
  An ooze (D:1)
  A worm (D:2)
  2 dart slugs (D:1)
  3 leopard geckos
  An orc (D:3)
  2 giant cockroaches
  8 goblins
  5 hobgoblins
  A quokka (D:3)
  A ball python (D:2)
  7 bats
  2 frilled lizards (D:2)
  10 kobolds
  4 rats
55 creatures vanquished.

Notes
Turn   | Place    | Note
-------+----------+-------------------------------------------
     0 | D:1      | pk666 the Deep Elf Fire Elementalist began the quest for the Orb.
     0 | D:1      | Reached XP level 1. HP: 10/10 MP: 6/6
   212 | D:1      | Reached XP level 2. HP: 15/15 MP: 6/8
   750 | D:2      | Reached XP level 3. HP: 19/19 MP: 5/10
   796 | D:2      | Noticed Jessica
   802 | D:2      | Killed Jessica
  1102 | D:2      | Reached XP level 4. HP: 24/24 MP: 7/11
  1118 | D:2      | Found a blossoming altar of Fedhas.
  1171 | D:2      | Found a deep blue altar of Sif Muna.
  1417 | D:2      | Found a hide-covered altar of Uskayaw.
  1620 | D:2      | Found a glowing golden altar of the Shining One.
  1903 | D:3      | Reached XP level 5. HP: 28/28 MP: 11/13
  1909 | D:3      | Learned a level 4 spell: Sticky Flame
  1913 | D:3      | Learned a level 3 spell: Conjure Flame
  2104 | D:3      | Slain by an orc wizard

Vault maps used:
D:1:      mainiacjoe_arrival_reflecting_pool
D:2:      cheibrodos_greedy_goblins, minitemple, tso_altar, uniq_jessica
D:3:      uniq_sigmund, uniq_ijyb

Skill      XL: |  1  2  3  4 |
---------------+-------------+-----
Conjurations   | 2 3 |  3.9
Spellcasting   | 4 |  4.3
Fire Magic     | 4 |  4.2
Dodging        | |  2.4
Stealth        | |  2.4

Action                   |  1- 3 |  4- 6 || total
-------------------------+-------+-------++-------
Melee: Unarmed           |     2 |       ||     2
 Cast: Flame Tongue      |    50 |    55 ||   105
  Use: Scroll            |       |     9 ||     9
       Potion            |       |     3 ||     3
  Eat: Chunk             |       |     3 ||     3
Armor: Robe              |     5 |     1 ||     6
Dodge: Dodged            |    13 |     6 ||    19
Block: Other             |       |     1 ||     1

Table legend:
 A = Spawn XP
 B = Non-spawn XP
 C = Spawn XP percentage of total XP
 D = Spawn monster count
 E = Non-spawn monster count
 F = Spawn count percentage of total count
 G = Total turns spent on level
                    A         B        C        D         E        F      G
               +---------+---------+-------+---------+---------+-------+---------
         Total |       0 |     205 |   0.0 |       0 |      55 |   0.0 |  2104
               +---------+---------+-------+---------+---------+-------+---------
           D:1 |       0 |      36 |   0.0 |       0 |      19 |   0.0 |   689
           D:2 |       0 |     125 |   0.0 |       0 |      25 |   0.0 |   976
           D:3 |       0 |      44 |   0.0 |       0 |      11 |   0.0 |   439
               +---------+---------+-------+---------+---------+-------+---------
